AoeStats
← Poison

Arabia

509930577Analyzed
1v1 RM · 2d ago on Sep 28, 2026· 44m 0s· 2 players
Game mode
Random Map
Map size
Tiny (2 player)
Population
200
Speed
Normal
Resources
Standard
Victory
Conquest
Starting age
Dark Age
Ending age
Imperial Age
RankedLock teamsTeams togetherTeam positionsShared explorationLock speedFull tech treeHidden civsTurbo modeCheats
Victory
Defeat
🇺🇦 Vietnamese · Ukraine
1113
+16
🇫🇷 Hindustanis · France
1107
-16
bubullblub
9:45 Feudal Age
8:00 Loom
10:25 Double-Bit Axe
12:25 Fletching
12:35 Padded Archer Armor
16:06 Scale Mail Armor
16:46 Horse Collar
21:12 Castle Age
19:28 Gold Mining
22:28 Scale Barding Armor
22:47 Bloodlines
23:06 Forging
23:06 Heavy Plow
23:19 Bow Saw
25:21 Iron Casting
27:04 Husbandry
28:20 Chain Barding Armor
30:54 Elite Skirmisher
36:36 Chain Mail Armor
37:27 Squires
42:40 Imperial Age
41:15 Grand Trunk Road
44:19 Conscription
Poison
7:18 Loom
10:08 Feudal Age
11:36 Double-Bit Axe
17:23 Fletching
21:23 Castle Age
20:50 Horse Collar
21:39 Elite Skirmisher
22:22 Husbandry
23:34 Bodkin Arrow
23:58 Bloodlines
23:58 Elite Skirmisher
25:42 Crossbowman
26:38 Bow Saw
27:45 Wheelbarrow
27:25 Padded Archer Armor
29:16 Ballistics
29:27 Hand Cart
34:14 Thumb Ring
34:33 Gold Mining
34:51 Stone Mining
38:24 Masonry
41:02 Imperial Age
39:28 Leather Archer Armor
41:13 Pikeman
41:53 Squires
41:21 Arbalester
Connection lost

Rejoining the realm…

Still unreachable

The connection could not be restored.

Session expired

The server has moved on; the page needs a fresh start.